 Dungeon Crawl Stone Soup version 0.26.0-10-g1f06aea511 (webtiles) character file.

Game seed: 8922950110472923150

46 Borgoz the Skirmisher (level 3, -11/24 HPs)
             Began as a Gargoyle Berserker on Jan 18, 2021.
             Was a Believer of Trog.
             Engulfed by a cloud of blessed fire (16 damage)
             ... on level 2 of the Dungeon.
             The game lasted 00:01:21 (1867 turns).

Borgoz the Skirmisher (Gargoyle Berserker)          Turns: 1867, Time: 00:01:21

Health: -11/24     AC:  6    Str: 20    XL:     3   Next: 66%
Magic:  3/3        EV: 16    Int:  7    God:    Trog [**....]
Gold:   134        SH:  0    Dex: 10    Spells: 2/2 levels left

rFire    . . .     SeeInvis .   a - +0 mace
rCold    . . .     Faith    .   (no shield)
rNeg     + . .     Spirit   .   c - +0 leather armour (curse)
rPois    ∞         Reflect  .   (no helmet)
rElec    +         Harm     .   (no cloak)
rCorr    .         Rampage  .   (no gloves)
Will     .....                  (no boots)
Stlth    +.........             h - amulet of regeneration
HPRegen  0.48/turn              j - +4 ring of evasion
MPRegen  0.08/turn              (no ring)

@: glowing
A: negative energy resistance 1, electricity resistance, unbreathing,
petrification resistance, miasma immunity, AC +3
a: Renounce Religion, Berserk, Trog's Hand


You were on level 2 of the Dungeon.
You worshipped Trog.
Trog was pleased with you.
You visited 1 branch of the dungeon, and saw 2 of its levels.

You collected 134 gold pieces.

Inventory:

Hand Weapons
 a - a +0 mace (weapon)
Armour
 c - a cursed +0 leather armour (worn)
Jewellery
 g - an uncursed ring of ice
 h - an amulet of regeneration (around neck)
 j - a +4 ring of evasion (left hand)
Scrolls
 f - a scroll of blinking {unknown}
 i - a scroll of magic mapping {unknown}
 k - a scroll of enchant armour {unknown}
Potions
 b - 2 potions of lignification {unknown}
 d - 2 potions of might {unknown}
 e - a potion of ambrosia {unknown}
 l - a potion of attraction {unknown}
 m - a potion of cancellation {unknown}


   Skills:
 + Level 3.6 Fighting
 * Level 3.5 Maces & Flails
 + Level 2.6 Armour
 * Level 2.2 Dodging


You had 2 spell levels left.
You didn't know any spells.
Your spell library was empty.

Dungeon Overview and Level Annotations

Branches:
Dungeon (2/15)

Altars:
Yredelemnul
The Shining One


Innate Abilities, Weirdness & Mutations

You are resistant to torment.
Your stone body is resilient. (AC +3)
You are immune to poison.
You resist negative energy. (rN+)
You are resistant to electric shocks. (rElec)
You can survive without breathing.
You are immune to petrification.
You are immune to miasma.


Message History

The angel shouts!
Done exploring.
Done exploring.
No reachable target in view!
No reachable target in view!
No reachable target in view!
Done exploring.
Done exploring.
There is a glowing golden altar of the Shining One here.
Really walk into a travel-excluded area? [Y]es or [N]o only, please.
Really walk into a travel-excluded area?
You are engulfed in blessed fire.
Ouch! That really hurt!
* * * LOW HITPOINT WARNING * * *
You see here a viscous pink potion.
m - a viscous pink potion You are engulfed in blessed fire.
Ouch! That really hurt!
You die...

.# #...##.........#.#.##..# .#
##.#....#.....#...#.##..# ##
#..###..###'#####.#.##..# ###.##
#####...##..<......# #...#
#§.§####.##....# #.### #...#
#..#.....# #.# #§.§###.##.#.#.#
##.# ####._.##.....#.#.# ##..#
##.##@.§###.####.#.# #..##
#..###### #.####.#.# ###.####
#).###A## #.##.<.#.# #......#
#..###### #.##)###.# #......#
##..########.##.# #.# ....<..#
##..........#.##.# #.# .......#
#...........#.##.###.###
#......###.#######..##.##.##.....
########...# ##.......#......


You could see an angel.

Vanquished Creatures
  A worm (D:2)
  3 dart slugs
  2 leopard geckos
  A ball python (D:1)
  8 bats
  4 goblins
  4 hobgoblins (D:1)
  A jackal (D:1)
  2 frilled lizards (D:1)
  3 kobolds
  4 rats
33 creatures vanquished.

Notes
Turn   | Place    | Note
-------+----------+-------------------------------------------
     0 | D:1      | Borgoz the Gargoyle Berserker began the quest for the Orb.
     0 | D:1      | Reached XP level 1. HP: 14/14 MP: 1/1
    88 | D:1      | Reached XP level 2. HP: 4/19 MP: 2/2
   748 | D:1      | Reached XP level 3. HP: 23/23 MP: 3/3
  1276 | D:2      | Found a basalt altar of Yredelemnul.
  1742 | D:2      | Found a glowing golden altar of the Shining One.
  1787 | D:2      | Reached ** piety under Trog
  1854 | D:2      | Noticed an angel
  1867 | D:2      | Engulfed by a cloud of blessed fire

Illustrated notes

Levels and vault maps discovered:
D:1:      dpeg_cavernosity, layout_loops_ring, hangedman_decor_growths,
          minmay_heptomino_h4
D:2:      layout_rooms, grunt_temple_overflow_holy_war

Skill      XL: |  1  2 |
---------------+-------+-----
Dodging        | 2 |  2.2
Fighting       | |  3.6
Maces & Flails | |  3.5
Armour         | |  2.6

Action                   || total
-------------------------++-------
Melee: Mace              ||    77
Invok: Berserk           ||     1
Armor: Leather armour    ||    24
Dodge: Dodged            ||    43
